[ AOE2 MATCH · #507303625 ]
UnrankedVikings vs Maya
Player's team · WIN
Rival team · LOSS
[ REPLAY ANALYSIS · EXTRACTED FROM THE RECORDED GAME ]
Feudal
10:45
Castle
—
Imperial
—
| APM avg | 53.8 |
| APM peak | 87 |
| eAPM avg | 21.3 |
| Villagers / military | 29 / 4 |
Focus
⚔️ 53.1% · 🌾 46.9%
Militia ×4
Feudal
9:59
Castle
—
Imperial
—
| APM avg | 52.8 |
| APM peak | 72 |
| eAPM avg | 26.6 |
| Villagers / military | 46 / 0 |
Focus
⚔️ 53.2% · 🌾 46.8%
Match map
Initial resources + every placement click. Lines = walls · curves = elevation contours. ◆ gold · ⬟ stone · ● berries · ✦ relic · ◌ wall gap
Your base
Pope Leo I.'s base
Smoothed initial terrain · ◌ = detected wall gap · hover for details
Inputs per minute
— SergioTopo - - Pope Leo I.
Build order — SergioTopo
53 actions detected in the replay
| 0:03 | Queue | Villager (Male) |
| 0:03 | Queue | Villager (Male) |
| 0:05 | Build | House |
| 0:07 | Build | House |
| 0:14 | Queue | Villager (Male) |
| 0:15 | Queue | Villager (Male) |
| 0:15 | Queue | Villager (Male) |
| 1:27 | Queue | Villager (Male) |
| 1:50 | Queue | Villager (Male) |
| 2:25 | Queue | Villager (Male) |
| 2:25 | Queue | Villager (Male) |
| 2:59 | Queue | Villager (Male) |
| 2:59 | Queue | Villager (Male) |
| 3:04 | Build | Lumber Camp |
| 3:35 | Queue | Villager (Male) |
| 3:42 | Build | House |
| 4:16 | Build | House |
| 4:20 | Queue | Villager (Male) |
| 4:21 | Queue | Villager (Male) |
| 4:31 | Queue | Villager (Male) |
| 4:55 | Build | Mill |
| 5:34 | Queue | Villager (Male) |
| 5:34 | Queue | Villager (Male) |
| 5:46 | Queue | Villager (Male) |
| 5:47 | Queue | Villager (Male) |
| 6:09 | Queue | Villager (Male) |
| 6:16 | Queue | Villager (Male) |
| 6:16 | Queue | Villager (Male) |
| 6:28 | Queue | Villager (Male) |
| 7:20 | Research | Loom |
| 7:42 | Build | Barracks |
| 7:42 | Queue | Villager (Male) |
| 8:01 | Build | Mining Camp |
| 8:02 | Research | Feudal Age |
| 8:28 | Queue | Militia |
| 8:29 | Queue | Militia |
| 8:35 | Research | Feudal Age |
| 9:00 | Build | Lumber Camp |
| 9:14 | Queue | Militia |
| 9:18 | Build | House |
| 9:47 | Queue | Militia |
| 10:45 | Age | Feudal Age |
| 10:48 | Research | Man-at-Arms (upgrade) |
| 10:49 | Research | Man-at-Arms (upgrade) |
| 10:57 | Queue | Villager (Male) |
| 10:57 | Queue | Villager (Male) |
| 11:00 | Queue | Villager (Male) |
| 11:11 | Queue | Villager (Male) |
| 11:14 | Research | Double-Bit Axe |
| 11:14 | Research | Double-Bit Axe |
| 11:18 | Build | Archery Range |
| 11:23 | Queue | Villager (Male) |
| 11:28 | Build | House |
Build order — Pope Leo I.
77 actions detected in the replay
| 0:01 | Queue | Villager (Male) |
| 0:01 | Queue | Villager (Male) |
| 0:03 | Build | House |
| 0:04 | Research | Loom |
| 0:08 | Build | House |
| 0:13 | Queue | Villager (Male) |
| 0:19 | Queue | Villager (Male) |
| 0:19 | Queue | Villager (Male) |
| 1:28 | Queue | Villager (Male) |
| 1:29 | Queue | Villager (Male) |
| 1:45 | Queue | Villager (Male) |
| 2:15 | Build | Palisade Wall |
| 2:25 | Build | Lumber Camp |
| 2:28 | Build | Lumber Camp |
| 2:35 | Queue | Villager (Male) |
| 2:35 | Queue | Villager (Male) |
| 3:25 | Queue | Villager (Male) |
| 3:26 | Queue | Villager (Male) |
| 3:39 | Build | House |
| 3:59 | Queue | Villager (Male) |
| 3:59 | Queue | Villager (Male) |
| 4:11 | Build | House |
| 4:20 | Build | House |
| 4:46 | Queue | Villager (Male) |
| 4:46 | Queue | Villager (Male) |
| 5:04 | Queue | Villager (Male) |
| 5:04 | Queue | Villager (Male) |
| 5:06 | Build | House |
| 5:19 | Queue | Villager (Male) |
| 5:20 | Queue | Villager (Male) |
| 5:44 | Build | Palisade Wall |
| 6:04 | Queue | Villager (Male) |
| 6:05 | Queue | Villager (Male) |
| 6:11 | Queue | Villager (Male) |
| 6:11 | Queue | Villager (Male) |
| 6:23 | Queue | Villager (Male) |
| 6:28 | Queue | Villager (Male) |
| 6:33 | Build | Mill |
| 6:36 | Queue | Villager (Male) |
| 6:36 | Queue | Villager (Male) |
| 6:52 | Build | Palisade Wall |
| 7:17 | Queue | Villager (Male) |
| 7:18 | Queue | Villager (Male) |
| 7:29 | Queue | Villager (Male) |
| 7:29 | Queue | Villager (Male) |
| 7:49 | Research | Feudal Age |
| 7:55 | Build | Palisade Wall |
| 7:57 | Build | Palisade Wall |
| 8:15 | Build | Palisade Wall |
| 8:30 | Build | Palisade Wall |
| 8:32 | Build | Palisade Wall |
| 8:58 | Build | House |
| 8:59 | Build | House |
| 9:39 | Build | Palisade Wall |
| 9:59 | Age | Feudal Age |
| 10:01 | Queue | Villager (Male) |
| 10:03 | Queue | Villager (Male) |
| 10:10 | Research | Double-Bit Axe |
| 10:11 | Research | Horse Collar |
| 10:22 | Queue | Villager (Male) |
| 10:29 | Queue | Villager (Male) |
| 10:33 | Queue | Villager (Male) |
| 10:46 | Build | Stone Wall |
| 10:58 | Queue | Villager (Male) |
| 11:00 | Queue | Villager (Male) |
| 11:05 | Queue | Villager (Male) |
| 11:07 | Queue | Villager (Male) |
| 11:07 | Queue | Villager (Male) |
| 11:11 | Queue | Villager (Male) |
| 11:20 | Queue | Villager (Male) |
| 11:22 | Build | Farm |
| 11:23 | Build | Farm |
| 11:25 | Build | Farm |
| 11:28 | Build | Farm |
| 11:32 | Build | Farm |
| 11:36 | Queue | Villager (Male) |
| 11:39 | Queue | Villager (Male) |
Match timeline
| 2:15 | Pope Leo I. · wall_segment Palisade Wall x7 |
| 5:44 | Pope Leo I. · wall_segment Palisade Wall x14 |
| 6:52 | Pope Leo I. · wall_segment Palisade Wall x1 |
| 7:42 | SergioTopo · first_building Barracks |
| 7:55 | Pope Leo I. · wall_segment Palisade Wall x6 |
| 7:57 | Pope Leo I. · wall_segment Palisade Wall x4 |
| 8:15 | Pope Leo I. · wall_segment Palisade Wall x4 |
| 8:30 | Pope Leo I. · wall_segment Palisade Wall x1 |
| 8:32 | Pope Leo I. · wall_segment Palisade Wall x6 |
| 9:39 | Pope Leo I. · wall_segment Palisade Wall x1 |
| 9:59 | Pope Leo I. · age_up feudal |
| 10:45 | SergioTopo · age_up feudal |
| 10:46 | Pope Leo I. · wall_segment Stone Wall x1 |
| 11:18 | SergioTopo · first_building Archery Range |
| 11:45 | Pope Leo I. · resign |
[ AI ANALYSIS · 1 CREDIT ]
What really happened in this match?
Wolo.gg analyzes every decision: build order, eco, micro, common mistakes by bracket. Personalized analysis on WhatsApp or Discord in 30 seconds.
Civ guide
Vikings
Perfil
Jugador #4004390